 Dungeon Crawl Stone Soup version 0.28-a0-1545-g945cd3f27e (webtiles) character file.

Game seed: 1616616112575524489

85 BritishOli the Chopper (level 4, -10/34 HPs)
             Began as a Demonspawn Gladiator on Jan 18, 2022.
             Killed by divine providence
             ... invoked by an orc priest
              (13 damage)
             ... on level 2 of the Dungeon.
             The game lasted 00:01:50 (2489 turns).

BritishOli the Chopper (Demonspawn Gladiator)       Turns: 2489, Time: 00:01:52

Health: -10/34     AC:  8    Str: 17    XL:     4   Next: 25%
Magic:  4/4        EV: 12    Int:  9    God:
Gold:   120        SH:  0    Dex: 14    Spells: 3/3 levels left

rFire   . . .      SeeInvis .   a - +0 war axe
rCold   . . .      Faith    .   (no shield)
rNeg    . . .      Spirit   .   b - +0 leather armour
rPois   .          Reflect  .   c - +0 helmet
rElec   .          Harm     .   (no cloak)
rCorr   .          Rampage  .   (no gloves)
Will    .....                   (no boots)
Stlth   +.........              (no amulet)
HPRegen 0.11/turn               n - +4 ring of protection
MPRegen 0.09/turn               (no ring)

@: no status effects
A: hooves 1, powered by death 1
a: no special abilities


You were on level 2 of the Dungeon.
You visited 1 branch of the dungeon, and saw 3 of its levels.

You collected 120 gold pieces.

Inventory:

Hand Weapons
 a - a +0 war axe (weapon)
Missiles
 d - 3 throwing nets (quivered)
Armour
 b - a +0 leather armour (worn)
 c - a +0 helmet (worn)
Jewellery
 k - a ring of magical power
 n - a +4 ring of protection (left hand)
Wands
 m - a wand of digging (4)
Scrolls
 e - 2 scrolls of fog {unknown}
 f - 2 scrolls of teleportation {unknown}
 g - a scroll of magic mapping {unknown}
 h - a scroll of vulnerability {unknown}
 i - 5 scrolls of identify {unknown}
 o - a scroll of silence {unknown}
Potions
 j - a potion of degeneration {unknown}
 l - a potion of heal wounds {unknown}


   Skills:
 + Level 2.6 Fighting
 + Level 3.1 Axes
 + Level 2.4 Throwing
 + Level 1.3 Armour
 + Level 3.1 Dodging


You had 3 spell levels left.
You didn't know any spells.
Your spell library was empty.

Dungeon Overview and Level Annotations

Branches:
Dungeon (3/15)

Altars:
Dithmenos

Shops:
D:2 *


Innate Abilities, Weirdness & Mutations

You have large cloven feet.
You regenerate a little health from kills.


Message History

Where to? (Enter - D:3, ? - help)
You climb downwards.
The orc misses you.
The orc priest mumbles some strange prayers to Beogh against you.
You barely resist. The orc closely misses you.
The orc priest closely misses you. The orc barely misses you.
The orc priest closely misses you. The orc barely misses you.
There is a stone staircase leading up here.
The orc priest barely misses you. The orc hits you with a +0 falchion.
The orc barely misses you. The orc priest barely misses you.
You climb upwards.
There is a stone staircase leading down here.
You barely miss the orc. You kick the orc.
The orc is moderately wounded.
You barely miss the orc priest. x2
The orc priest casts a cantrip, but nothing happens.
The orc barely misses you.
The orc priest begins to cast a cantrip, but forgets the words!
You hit the orc. You kick the orc.
The orc is almost dead.
You closely miss the orc priest. You hit the orc priest.
The orc priest hits you with a +0 mace. The orc closely misses you.
The orc priest casts a cantrip, but nothing happens.
The orc priest hits you with a +0 mace.
You hit the orc.
You kill the orc!
You hit the orc priest but do no damage.
You completely miss the orc priest. The orc priest barely misses you.
The orc priest closely misses you.
The orc priest hits you with a +0 hand axe.
The orc priest hits you with a +0 mace.
Things that are here:
a +0 falchion; an orc corpse The orc priest mumbles some strange prayers to Beogh against you.
Pain shoots through your body!
The orc priest invokes the aid of Beogh against you.
Beogh smites you!
* * * LOW HITPOINT WARNING * * *
The orc priest mumbles some strange prayers to Beogh against you.
Beogh smites you!
You die...

#.#.## #.###.###.≈♣)≈≈≈≈P≈≈≈≈≈≈
#<### #.# #.# ##P♣≈≈≈PP≈≈≈≈≈≈≈
#.#######.###.# #♣♣≈≈≈♣PP≈≈≈≈≈≈
#.............# #♣♣≈P♣≈≈♣≈≈≈≈≈
#.#######.###.# #.♣≈≈≈≈≈P≈≈≈≈≈
#.#######.###.# #.#.≈♣P≈♣P≈≈P≈
#.##..........# #.#..≈≈♣♣≈♣≈≈P
#.##.####.###.#####>#####♣≈♣♣♣♣≈
#..............@..oo# ####≈≈♣
####.##.......####### ####
#.##.#.###.# #####. #.##...# #.#
#..... #<##..## #.# ##.####
#.##..# #.# ##.#.## #.##..# #.#
###.###.## #.##..####.#
#..#####.# #..........#
#.#.♣P≈..#


You could see 2 orc priests.

Vanquished Creatures
  Jessica (D:2)
  An adder (D:2)
  2 worms
  2 orcs
  6 ball pythons
  2 bats (D:1)
  5 endoplasms
  2 giant cockroaches
  3 goblins
  A hobgoblin (D:3)
  3 quokkas
  2 frilled lizards
  8 kobolds
  3 rats
41 creatures vanquished.

Vanquished Creatures (others)
  9 plants (D:2)
9 creatures vanquished.

Grand Total: 50 creatures vanquished

Notes
Turn   | Place    | Note
-------+----------+-------------------------------------------
     0 | D:1      | BritishOli the Demonspawn Gladiator began the quest for the
                  | Orb.
     0 | D:1      | Reached XP level 1. HP: 16/16 MP: 1/1
   284 | D:1      | Gained mutation: You have large cloven feet. [demonic
                  | ancestry]
   284 | D:1      | Reached XP level 2. HP: 22/22 MP: 2/2
   503 | D:1      | Found a faded altar of an unknown god.
  1097 | D:2      | Noticed Jessica
  1105 | D:2      | Killed Jessica
  1106 | D:2      | Reached skill level 1 in Armour
  1106 | D:2      | Gained mutation: You regenerate a little health from kills.
                  | [demonic ancestry]
  1106 | D:2      | Reached XP level 3. HP: 17/28 MP: 3/3
  1372 | D:2      | Found Wemia's Assorted Antiques.
  1465 | D:2      | Reached XP level 4. HP: 33/34 MP: 4/4
  2028 | D:3      | Found a shadowy altar of Dithmenos.
  2489 | D:2      | Killed from afar by an orc priest

Illustrated notes

Levels and vault maps discovered:
D:1:      saegor_arrival_under_anarchy, layout_rooms,
          ebering_ecumenical_altar_sacrificial
D:2:      layout_loops_ring, serial_shops, nicolae_diamond_shop, serial_bayou,
          serial_bayou_pond_a, serial_bayou_lagoon_b, serial_bayou_pond_c,
          serial_bayou_ford_a, serial_bayou_lake_a, serial_bayou_pond_d,
          uniq_jessica
D:3:      layout_loops_ring, old_standard_altar, uniq_natasha, uniq_terence

Skill      XL: |  1  2 |
---------------+-------+-----
Throwing       | 2 |  2.4
Axes           | 3 |  3.1
Armour         | 1 |  1.3
Dodging        | 3 |  3.1
Fighting       | |  2.6

Action                   |  1- 3 |  4- 6 || total
-------------------------+-------+-------++-------
Melee: War axe           |    66 |    44 ||   110
       Kick              |     9 |     9 ||    18
  Use: Potion            |     1 |       ||     1
Armor: Leather armour    |    24 |    18 ||    42
Dodge: Dodged            |    43 |    37 ||    80

Table legend: (Time is in decaauts)
 A = Elapsed time spent in this place.
 B = Non-inter-level travel time spent in this place.
 C = Inter-level travel time spent in this place.
 D = Time resting spent in this place.
 E = Time spent auto-exploring this place.
 F = Levels seen in this place.
 G = Mean time per level.
                   A        B        C        D        E       F      G
               +--------+--------+--------+--------+--------+-----+--------+
         Total |   2599 |   2558 |     41 |    223 |   2011 |   3 |  866.3 |
       Dungeon |   2599 |   2558 |     41 |    223 |   2011 |   3 |  866.3 |
               +--------+--------+--------+--------+--------+-----+--------+

Top non-repeatable levels by time:
     D:2: 1387 daAuts
     D:1: 801 daAuts
     D:3: 410 daAuts
